 Dungeon Sprint DCSS version 0.26-a0-663-g36e8fdb655 (webtiles) character file.

Game seed: 9331316854478880344

3 sahdkjhfkaj the Cudgeler (level 1, -1/13 HPs)
             Began as a Gargoyle Gladiator on Oct 12, 2020.
             Slain by a leopard gecko (3 damage)
             ... in the Dungeon (Sprint IX: "|||||||||||||||||||||||||||||").
             The game lasted 00:00:06 (17 turns).

sahdkjhfkaj the Cudgeler (Gargoyle Gladiator)         Turns: 17, Time: 00:00:06

Health: -1/13      AC:  6    Str: 17    XL:     1   Next: 50%
Magic:  1/1        EV: 12    Int:  8    God:
Gold:   0          SH:  0    Dex: 11    Spells: 0/0 levels left

rFire    . . .     SeeInvis .   a - +0 flail
rCold    . . .     Faith    .   (no shield)
rNeg     + . .     Spirit   .   b - +0 leather armour
rPois    ∞         Reflect  .   c - +0 helmet
rElec    +         Harm     .   (no cloak)
rCorr    .         Rampage  .   (no gloves)
MR       .....     NoTele   +   (no boots)
Stlth    +.........             (no amulet)
HPRegen  0.04/turn              (no ring)
MPRegen  0.07/turn              (no ring)

@: no status effects
A: negative energy resistance 1, electricity resistance, unbreathing,
petrification resistance, rot immunity, AC +2
a: no special abilities


You were in the Dungeon.
You visited 1 branch

Inventory:

Hand Weapons
 a - a +0 flail (weapon)
Missiles
 d - 3 throwing nets (quivered)
Armour
 b - a +0 leather armour (worn)
 c - a +0 helmet (worn)
Scrolls
 j - a scroll of blinking
Potions
 e - a potion of curing
 f - a potion of heal wounds
 g - a potion of haste
 h - 2 potions of magic
 i - a potion of berserk rage


   Skills:
 + Level 2.7 Fighting
 * Level 3.6 Maces & Flails
 - Level 1.7 Throwing
 + Level 1.3 Armour
 - Level 2.4 Dodging


You couldn't memorise any spells.
You didn't know any spells.
Your spell library was empty.

Dungeon Overview and Level Annotations

Branches:
Dungeon (1/1)

Altars:


Innate Abilities, Weirdness & Mutations

You are resistant to torment.
Your stone body is resilient. (AC +2)
You are immune to poison.
You resist negative energy. (rN+)
You are resistant to electric shocks. (rElec)
You can survive without breathing.
You are immune to petrification.
You are immune to rotting.


Message History

You closely miss the rat. The rat bites you.
* * * LOW HITPOINT WARNING * * *
You completely miss the rat. The rat bites you but does no damage.
You sock the rat!
You kill the rat!
The giant cockroach barely misses you.
You hit the giant cockroach.
You kill the giant cockroach!
Your Armour skill increases to level 1!
You barely miss the goblin. The goblin hits you but does no damage.
You closely miss the goblin. The goblin hits you but does no damage.
You completely miss the goblin. The goblin hits you but does no damage.
You sock the goblin!
You kill the goblin!
You closely miss the leopard gecko. The leopard gecko bites you.
* * * LOW HITPOINT WARNING * * *
The leopard gecko bites you.
* * * LOW HITPOINT WARNING * * *
You closely miss the leopard gecko. The leopard gecko bites you.
You die...

▓▓▓
▓<▓
▓.▓
▓.▓
▓@▓
▓l▓
▓g▓
▓.▓
▓.▓
▓.▓
▓.▓
▓+▓


You could see a leopard gecko and a goblin.

Vanquished Creatures
  A giant cockroach (D)
  A goblin (D)
  A rat (D)
3 creatures vanquished.

Notes
Turn   | Place    | Note
-------+----------+-------------------------------------------
     0 | D        | sahdkjhfkaj the Gargoyle Gladiator began the quest for the
                  | Orb.
     0 | D        | Reached XP level 1. HP: 12/12 MP: 1/1
    11 | D        | Reached skill level 1 in Armour
    17 | D        | Slain by a leopard gecko

Illustrated notes

Levels and vault maps discovered:
D:        linesprint [early_d, line_temple, items_1, d_10, items_2, lair_1,
          lair_end, items_3, orc_1, orc_end, items_4, d_15, swamp_1, shoals_1,
          snake_1, spider_1, d_20, vaults_1, items_5, swamp_end, shoals_end,
          snake_end, spider_end, vaults_end, d_27, items_6, zot_1, zot_end,
          crypt_end, forest_end, elf_end, slime_end, tomb_end, abyss_end,
          pan_hell_end]

Skill      XL: |  1 |
---------------+----+-----
Armour         | 1 |  1.3
Fighting       | |  2.7
Maces & Flails | |  3.6
Throwing       | |  1.7
Dodging        | |  2.4

Action                   || total
-------------------------++-------
Melee: Flail             ||    14
Armor: Leather armour    ||     3
Dodge: Dodged            ||     2

Table legend: (Time is in decaauts)
 A = Elapsed time spent in this place.
 B = Non-inter-level travel time spent in this place.
 C = Inter-level travel time spent in this place.
 D = Time resting spent in this place.
 E = Time spent auto-exploring this place.
 F = Levels seen in this place.
 G = Mean time per level.
                   A        B        C        D        E       F      G
               +--------+--------+--------+--------+--------+-----+--------+
         Total |     20 |     20 |      0 |      0 |      0 |   1 |   20.0 |
       Dungeon |     20 |     20 |      0 |      0 |      0 |   1 |   20.0 |
               +--------+--------+--------+--------+--------+-----+--------+

Top non-repeatable levels by time:
       D: 20 daAuts
